 Dungeon Crawl Stone Soup version 0.27-a0-1191-g601b473118 (webtiles) character file.

Game seed: 2580211887038072301

5100 Wyvernaa the Basher (level 10, -29/76 HPs)
             Began as a Demonspawn Berserker on May 24, 2021.
             Was an Elder of Trog.
             Annihilated by a very large slime creature (45 damage)
             ... on level 9 of the Dungeon.
             The game lasted 00:19:19 (8741 turns).

Wyvernaa the Basher (Demonspawn Berserker)          Turns: 8741, Time: 00:19:20

Health: -29/76     AC: 15    Str: 18    XL:     10   Next: 32%
Magic:  19/19      EV:  9    Int: 10    God:    Trog [****..]
Gold:   568        SH:  4    Dex: 14    Spells: 9/9 levels left

rFire    . . .     SeeInvis .   a - +1 mace (vorpal)
rCold    + . .     Faith    .   (no shield)
rNeg     + . .     Spirit   .   t - +1 chain mail {rC+}
rPois    .         Reflect  .   (helmet restricted)
rElec    .         Harm     .   (no cloak)
rCorr    .         Rampage  .   l - +2 pair of gloves
Will     .....                  (no boots)
Stlth    ..........             n - amulet of regeneration
HPRegen  1.22/turn              e - ring of positive energy
MPRegen  0.16/turn              g - ring of magical power

@: on berserk cooldown, slowed, very slow
A: antennae 1, claws 2, hooves 2, foul stench 1, condensation shield
a: Renounce Religion, Berserk, Trog's Hand, Brothers in Arms


You were on level 9 of the Dungeon.
You worshipped Trog.
Trog was greatly pleased with you.
You visited 1 branch of the dungeon, and saw 9 of its levels.

You collected 568 gold pieces.

Inventory:

Hand Weapons
 a - a +1 vorpal mace (weapon)
Armour
 d - a +0 ring mail
 f - a +0 helmet
 l - a +2 pair of gloves (worn)
 p - a +0 chain mail
 t - a +1 chain mail of cold resistance (worn)
Jewellery
 e - a ring of positive energy (left hand)
 g - a ring of magical power (right hand)
 n - an amulet of regeneration (around neck)
 x - an amulet of reflection
Wands
 q - a wand of iceblast (14)
 r - a wand of acid (5)
 y - a wand of flame (16)
Scrolls
 b - a scroll of fog
 i - 4 scrolls of teleportation
 j - a scroll of torment
 v - a scroll of magic mapping
Potions
 c - 2 potions of flight
 h - 2 potions of mutation
 k - 2 potions of lignification
 m - 5 potions of curing
 o - a potion of attraction
 s - a potion of berserk rage


   Skills:
 + Level 6.2 Fighting
 * Level 10.0 Maces & Flails
 + Level 7.8 Armour
 + Level 4.1 Dodging
 + Level 1.3 Stealth
 + Level 1.9 Shields


You had 9 spell levels left.
You didn't know any spells.
Your spell library was empty.

Dungeon Overview and Level Annotations

Branches:
Dungeon (9/15)             Temple (0/1) D:7
   Lair: D:8-11         Orc: D:9-12

Altars:
Dithmenos
Fedhas
Makhleb
Trog
The Shining One

Shops:
D:9 =

Annotations:
D:5 1 runed translucent door, Crazy Yiuf


Innate Abilities, Weirdness & Mutations

You have a pair of small antennae on your head.
You have very sharp fingernails.
You have hoof-like feet.
You may rarely emit foul miasma when damaged in melee.
A meltable shield of frost defends you. (SH +4)


Message History

3 slime creatures come into view.
The slime creature quivers. x3
There are monsters nearby!
There are monsters nearby!
You sock the slime creature!
The slime creature is lightly wounded.
Two slime creatures merge to form a large slime creature.
You hit the large slime creature.
The large slime creature is lightly wounded.
You sock the large slime creature! You kick the large slime creature.
The large slime creature is moderately wounded.
Two slime creatures merge to form a very large slime creature.
You hit the very large slime creature.
You kick the very large slime creature, but do no damage.
The very large slime creature is lightly wounded.
The very large slime creature barely misses you.
A red film seems to cover your vision as you go berserk!
You feel yourself moving faster!
You feel mighty!
The very large slime creature hits you!!!
You hit the very large slime creature.
The very large slime creature is lightly wounded.
The very large slime creature hits you!!!
* * * LOW HITPOINT WARNING * * *
You sock the very large slime creature!
The very large slime creature is moderately wounded.
You feel a strong urge to attack something.
You feel your anger nearly subside.
You are no longer berserk.
You are exhausted.
You feel yourself slow down.
Okay, then.
You feel much better.
The very large slime creature hits you!!!
Ouch! That really hurt!
* * * LOW HITPOINT WARNING * * *
Okay, then.
Okay, then.
You feel better.
The very large slime creature hits you!!!
Ouch! That really hurt!
You die...

#
#..##.###.###)##...##....
# #..##.# #.#
#.########### #######
#..##.# #.# #.# .......
...##.# #.# #.#
#########.. #.# #.# #.# #
... #.###.###.# ######
..........# .....# #.#..#
### ####.## #.#@# # #.
#.#J# ####.##.# #.#.#
.........#####.#.#
####..(..........## #
#.........#.########
###########.##.###........
................#.########
###########.####.#


You could see a very large slime creature.

Vanquished Creatures
  Pikel (D:5)
  A centaur zombie (D:6)
  A slime creature (D:9)
  A shadow (D:5)
  3 yaks (D:9)
  A wyvern (D:9)
  An acid dragon (D:8)
  2 water moccasins (D:7)
  2 orc warriors
  2 sky beasts (D:6)
  An ice beast (D:6)
  4 black bears
  3 ogres
  A phantom (D:5)
  3 lemures (D:6)
  3 bullfrogs (D:7)
  4 scorpions
  A water moccasin skeleton (D:4)
  10 killer bees
  7 wights
  2 bullfrog skeletons (D:5)
  A centaur skeleton (D:6)
  2 jellies
  2 orc priests
  4 hounds
  3 iguanas (D:5)
  An orc wizard (D:9)
  Robin (D:2)
  4 gnolls
  A howler monkey zombie (D:9)
  7 adders
  A shadow imp (D:7)
  3 white imps
  An ufetubus (D:5)
  A worm (D:3)
  3 dart slugs
  8 orcs
  11 endoplasms
  2 giant cockroaches
  15 goblins
  13 hobgoblins
  4 jackals (D:1)
  3 quokkas
  6 ball pythons
  4 bats
  4 frilled lizards
  3 kobolds (D:4)
  6 rats
168 creatures vanquished.

Vanquished Creatures (others)
  2 fungi (D:1)
  3 plants (D:5)
5 creatures vanquished.

Grand Total: 173 creatures vanquished

Notes
Turn   | Place    | Note
-------+----------+-------------------------------------------
     0 | D:1      | Wyvernaa the Demonspawn Berserker began the quest for the
                  | Orb.
     0 | D:1      | Reached XP level 1. HP: 18/18 MP: 1/1
   249 | D:1      | Gained mutation: You have sharp fingernails. [demonic
                  | ancestry]
   249 | D:1      | Reached XP level 2. HP: 12/24 MP: 2/2
   469 | D:1      | Reached skill level 3 in Maces & Flails
   995 | D:1      | Found a faded altar of an unknown god.
  1053 | D:1      | Gained mutation: You may rarely emit foul miasma when
                  | damaged in melee. [demonic ancestry]
  1053 | D:1      | Reached XP level 3. HP: 24/29 MP: 3/3
  1171 | D:2      | Noticed Robin
  1185 | D:1      | Reached ** piety under Trog
  1889 | D:2      | Killed Robin
  1890 | D:2      | Reached XP level 4. HP: 21/35 MP: 4/4
  2148 | D:2      | Found a shadowy altar of Dithmenos.
  2967 | D:3      | Reached skill level 4 in Maces & Flails
  3672 | D:4      | Gained mutation: You have large cloven feet. [demonic
                  | ancestry]
  3672 | D:4      | Reached XP level 5. HP: 41/41 MP: 5/5
  4096 | D:5      | Entered Level 5 of the Dungeon
  4096 | D:5      | Noticed a phantom
  4156 | D:5      | Noticed a black bear
  4160 | D:5      | Killed a black bear
  4161 | D:5      | Gained mutation: You have hoof-like feet. [demonic
                  | ancestry]
  4161 | D:5      | Reached XP level 6. HP: 48/48 MP: 6/6
  4313 | D:5      | Reached skill level 5 in Maces & Flails
  4313 | D:5      | Reached *** piety under Trog
  4439 | D:5      | Reached XP level 7. HP: 21/54 MP: 7/7
  4488 | D:5      | Noticed a shadow
  4500 | D:5      | Killed a shadow
  4611 | D:5      | Reached skill level 6 in Maces & Flails
  4611 | D:5      | Reached skill level 1 in Stealth
  4678 | D:5      | Reached skill level 5 in Armour
  4678 | D:5      | Gained mutation: You have very sharp fingernails. [demonic
                  | ancestry]
  4678 | D:5      | Reached XP level 8. HP: 61/61 MP: 8/8
  4779 | D:5      | Noticed Pikel
  4920 | D:5      | Killed Pikel
  4921 | D:5      | Reached skill level 5 in Fighting
  4921 | D:5      | Reached skill level 7 in Maces & Flails
  4960 | D:5      | Found a runed translucent door.
  4961 | D:5      | Noticed Crazy Yiuf
  5158 | D:5      | Found a bloodstained altar of Trog.
  5734 | D:6      | Gained mutation: A meltable shield of frost defends you.
                  | (SH +4) [demonic ancestry]
  5734 | D:6      | Reached XP level 9. HP: 68/68 MP: 9/9
  5742 | D:6      | Found a blossoming altar of Fedhas.
  5811 | D:6      | Reached skill level 8 in Maces & Flails
  6592 | D:7      | Found a staircase to the Ecumenical Temple.
  6664 | D:7      | Reached skill level 9 in Maces & Flails
  6987 | D:7      | Reached skill level 1 in Shields
  7082 | D:7      | Reached **** piety under Trog
  8324 | D:9      | Found Beodog's Jewellery Boutique.
  8342 | D:9      | Gained mutation: You have a pair of small antennae on your
                  | head. [demonic ancestry]
  8342 | D:9      | Reached XP level 10. HP: 76/76 MP: 10/10
  8395 | D:9      | Reached skill level 10 in Maces & Flails
  8566 | D:9      | Found a burning altar of Makhleb.
  8741 | D:9      | Annihilated by a very large slime creature

Illustrated notes

Levels and vault maps discovered:
D:1:      lemuel_arrival_muddy, layout_rooms,
          shapermc_ecumenical_altar_starsandcircs
D:2:      layout_loops_ring, basic_altar, uniq_robin
D:3:      minmay_spotlight, layout_basic, tso_metal_star
D:4:      layout_rooms, minmay_misc_feat_diagonals, grunt_ministairs_6
D:5:      cheibrodos_two_vegetables, layout_cave_pools, trog_antimagical,
          uniq_pikel, uniq_crazy_yiuf_cottage
D:6:      layout_loops_ring, nicolae_overflow_crystal_walls
D:7:      wander_river, layout_loops_ring,
          minmay_temple_entry_statues_fountains, chequers_serial_rivers_micro_d
D:8:      layout_basic, serial_aquarium, aquarium_bridge_straight
          [aquarium_subvault_bridge, aquarium_subvault_wall,
          aquarium_subvault_bridge, aquarium_subvault_window],
          aquarium_window_1, aquarium_window_2, aquarium_window_corridor_3,
          aquarium_window_corner, aquarium_view_2e, aquarium_view_2c
D:9:      layout_loops_ring, lemuel_crystal_altar, bloody_makhleb, serial_shops,
          shop

Skill      XL: |  1  2  3  4  5  6  7  8  9 10 |
---------------+-------------------------------+-----
Maces & Flails | 3 4 5 6 7 9 10 | 10.0
Armour         | 2 3 4 5 6 7 |  7.8
Dodging        | 2 3 4 |  4.1
Fighting       | 4 5 6 |  6.2
Stealth        | 1 |  1.3
Shields        | 1 |  1.9

Action                   |  1- 3 |  4- 6 |  7- 9 | 10-12 || total
-------------------------+-------+-------+-------+-------++-------
Melee: Mace              |   133 |   147 |   273 |    74 ||   627
       Kick              |       |    19 |    96 |    23 ||   138
Invok: Berserk           |     2 |     3 |    10 |     1 ||    16
  Use: Scroll            |       |    14 |    10 |       ||    24
       Potion            |       |       |       |     2 ||     2
Armor: Ring mail         |    56 |    59 |    36 |       ||   151
       Chain mail        |       |       |   118 |    36 ||   154
Dodge: Dodged            |   108 |    79 |   131 |    35 ||   353
Block: Other             |       |       |    33 |     9 ||    42

Table legend: (Time is in decaauts)
 A = Elapsed time spent in this place.
 B = Non-inter-level travel time spent in this place.
 C = Inter-level travel time spent in this place.
 D = Time resting spent in this place.
 E = Time spent auto-exploring this place.
 F = Levels seen in this place.
 G = Mean time per level.
                   A        B        C        D        E       F      G
               +--------+--------+--------+--------+--------+-----+--------+
         Total |   8980 |   8733 |    247 |   1718 |   5402 |   9 |  997.8 |
       Dungeon |   8980 |   8733 |    247 |   1718 |   5402 |   9 |  997.8 |
               +--------+--------+--------+--------+--------+-----+--------+

Top non-repeatable levels by time:
     D:1: 1453 daAuts
     D:6: 1262 daAuts
     D:2: 1202 daAuts
     D:5: 1109 daAuts
     D:3: 889 daAuts
     D:4: 833 daAuts
     D:7: 792 daAuts
     D:8: 723 daAuts
     D:9: 713 daAuts
